Map: 프라이드 오브 알타리스 - 래더

Players

Dream - Winner!

  • Race: Terran Terran
  • League: Master

Bunny

  • Race: Terran Terran

Event: DreamHack SC2 Masters Last Chance 2022

VOD

Have the link to the VOD?

Description

Time

  • Played on: Dec. 15, 2021, 4:57 a.m.
  • Length: 13:56

All games in this series

Show
View Real Time Build Order
Export as new Build Order

Dream Terran - Winner!

Build Orders:  

Get SALT Encoding   

  12  0:00  SCV  
  13  0:12  SCV  
  14  0:16  Supply Depot  
  14  0:24  SCV  
  15  0:38  SCV  
  15  0:39  Barracks  
  15  0:42  Refinery  
  16  0:50  SCV  
  16  0:52  Refinery  
  17  1:02  SCV  
  18  1:14  SCV  
  19  1:26  Reaper, Orbital Command  
  19  1:28  Supply Depot  
  20  1:40  Factory  
  20  1:51  SCV  
  21  1:58  Reaper  
  22  2:04  SCV  
  23  2:18  SCV  
  23  2:21  Command Center  
  23  2:25  Hellion  
  25  2:30  SCV, Reaper  
  27  2:45  Starport  
  27  2:46  SCV  
  27  2:48  Hellion  
  30  2:51  Supply Depot  
  30  2:58  SCV  
  30  3:02  Barracks Reactor  
  31  3:09  Factory Tech Lab  
  31  3:13  SCV  
  31  3:18  Supply Depot  
  32  3:23  Starport Tech Lab  
  32  3:25  SCV  
  33  3:27  Cyclone  
  33  3:31  Refinery  
  33  3:33  Orbital Command  
  36  3:37  SCV  
  36  3:39  Marine  
  36  3:41  Marine  
  39  3:46  Raven  
  41  3:49  SCV  
  42  3:56  Marine  
  42  3:59  Marine  
  42  4:00  SCV  
  42  4:01  SCV  
  46  4:05  Siege Tank  
  49  4:11  Supply Depot  
  49  4:14  SCV x2  
  51  4:18  Marine x2  
  53  4:24  Supply Depot  
  53  4:26  SCV x2  
  53  4:31  Raven  
  57  4:34  Supply Depot  
  57  4:39  SCV x2  
  57  4:44  Siege Tank  
  62  4:51  SCV x2  
  64  4:54  Marine  
  64  4:55  Marine  
  66  5:00  Supply Depot  
  66  5:04  SCV x2  
  68  5:11  Command Center  
  68  5:17  Siege Tank  
  68  5:18  SCV x2  
  73  5:22  Supply Depot  
  73  5:24  Viking  
  75  5:28  Viking  
  75  5:32  Stimpack, SCV  
  75  5:35  SCV  
  79  5:40  Marine  
  79  5:41  Refinery  
  80  5:45  SCV  
  80  5:47  Supply Depot, SCV  
  82  5:50  Siege Tank  
  85  5:58  SCV  
  85  5:59  SCV  
  85  6:00  Viking  
  89  6:04  Viking  
  89  6:11  SCV x2, Barracks  
  92  6:12  Barracks  
  93  6:24  SCV x2  
  93  6:25  Engineering Bay  
  95  6:26  Orbital Command  
  95  6:27  Engineering Bay, Marine  
  96  6:34  Viking  
  96  6:36  SCV x2  
  96  6:38  Viking  
  102  6:45  Marine  
  103  6:53  Terran Infantry Weapons Level 1, Terran Infantry Armor Level 1  
  104  6:54  SCV x2  
  104  6:57  Siege Tank  
  107  7:08  Barracks Reactor x2  
  107  7:14  Viking x2  
  111  7:17  Marine  
  112  7:29  Siege Tank  
  94  7:30  SCV x2  
  88  7:38  SCV, Refinery  
  88  7:39  Refinery, Barracks  
  88  7:41  Barracks  
  88  7:42  SCV x2  
  90  7:45  Marine  
  90  7:47  Marine x4  
  90  7:48  Command Center  
  90  7:51  SCV  
  96  7:54  SCV x2  
  96  8:01  Siege Tank  
  96  8:03  SCV, Marine  
  96  8:04  Marine x2  
  102  8:06  SCV, Marine x2  
  102  8:07  SCV  
  102  8:12  Liberator x2  
  112  8:21  Combat Shield, Marine  
  112  8:22  Marine x2  
  112  8:24  Armory  
  112  8:26  Supply Depot, Marine  
  117  8:30  Barracks Reactor x2  
  117  8:31  Marine  
  117  8:35  Siege Tank  
  117  8:38  Supply Depot, SCV x3  
  117  8:39  Marine  
  117  8:40  Supply Depot, Marine  
  125  8:47  Marine x2  
  127  8:48  Supply Depot  
  127  8:51  Supply Depot  
  127  8:52  Supply Depot  
  127  8:55  Medivac  
  129  8:57  Medivac  
  129  8:59  Marine x3  
  134  9:05  Marine  
  134  9:08  Marine x2  
  134  9:09  Marine x2  
  139  9:10  Marine  
  139  9:16  Marine  
  139  9:17  Marine  
  141  9:20  Siege Tank  
  145  9:27  Factory  
  145  9:29  Terran Infantry Weapons Level 2, Terran Infantry Armor Level 2, Terran Vehicle Weapons Level 1  
  145  9:34  Marine x5  
  145  9:35  Marine x2  
  145  9:36  Marine  
  153  9:42  Refinery x2  
  154  9:45  SCV x2  
  154  9:46  SCV x2  
  154  9:49  Marine  
  154  9:52  Marine x5  
  159  9:58  Siege Tank  
  159  9:59  Liberator  
  169  10:08  Marine x4  
  169  10:10  Marine  
  169  10:13  Marine x4  
  144  10:26  Liberator, Marine x4  
  144  10:28  Marine  
  152  10:29  Orbital Command  
  152  10:30  Siege Tank  
  152  10:31  Marine x4  
  131  10:43  Marine  
  131  10:44  Marine x3  
  131  10:45  SCV x2  
  131  10:46  Marine  
  131  10:49  Marine x2  
  140  10:52  Marine x2  
  134  10:59  SCV x2  
  134  11:01  Marine x4  
  134  11:03  Siege Tank, Marine  
  129  11:06  Marine  
  129  11:07  Viking, Marine  
  129  11:09  Viking  
  129  11:10  Marine x2  
  137  11:19  Marine x3  
  137  11:21  Marine  
  137  11:24  Marine  
  142  11:26  Terran Vehicle Weapons Level 2, Marine  
  142  11:27  Marine  
  142  11:31  Marine  
  145  11:34  Siege Tank  
  145  11:35  Siege Tank  
  145  11:37  Barracks Reactor, Marine x2  
  151  11:41  Marine  
  151  11:42  Marine  
  151  11:43  Command Center  
  151  11:45  Marine x3  
  140  11:48  Marine  
  139  11:55  Marine  
  139  11:56  Marine  
  139  11:59  Marine  
  139  12:00  Marine  
  122  12:02  Medivac x2  
  122  12:03  Marine x3  
  122  12:06  Siege Tank, Marine  
  122  12:07  Siege Tank  
  131  12:12  Marine  
  131  12:13  Marine  
  131  12:14  Marine  
  131  12:15  Marine  
  134  12:16  Starport x2  
  134  12:17  Marine  
  134  12:18  Marine  
  134  12:21  Marine x3  
  139  12:24  Marine  
  139  12:27  Command Center  
  140  12:30  Marine  
  140  12:31  Marine  
  140  12:32  Marine  
  140  12:33  Marine  
  140  12:35  Marine  
  140  12:36  Marine  
  146  12:38  Marine  
  146  12:39  Marine  
  146  12:40  Siege Tank  
  146  12:41  Orbital Command  
  151  12:44  Siege Tank  
  152  12:54  Marine  
  152  12:58  SCV x3, Marine  
  150  12:59  Marine x4  
  150  13:04  Planetary Fortress  
  154  13:10  SCV  
  155  13:13  Marine x5  
  155  13:16  Marine  
  154  13:25  SCV x2  
  154  13:27  SCV  
  160  13:42  SCV x3  
  160  13:44  SCV  
Show
View Real Time Build Order
Export as new Build Order

Bunny Terran 

Build Orders: Reaper Expand 

Get SALT Encoding   

  12  0:00  SCV  
  13  0:12  SCV  
  14  0:17  Supply Depot  
  14  0:24  SCV  
  15  0:39  SCV  
  15  0:41  Barracks  
  16  0:44  Refinery  
  16  0:51  SCV  
  17  1:03  SCV  
  18  1:15  SCV  
  19  1:27  Orbital Command  
  19  1:28  Reaper  
  20  1:40  Command Center  
  20  1:51  Supply Depot  
  20  1:52  SCV  
  21  1:59  Marine  
  22  2:05  SCV  
  23  2:08  Factory  
  23  2:14  Refinery  
  23  2:18  SCV  
  23  2:22  Barracks Reactor  
  24  2:24  Bunker  
  24  2:30  SCV  
  25  2:42  SCV  
  26  2:53  Starport, Orbital Command  
  26  2:54  Factory Tech Lab  
  26  2:55  SCV  
  26  2:57  Marine  
  28  2:58  Marine  
  29  3:07  SCV, Refinery  
  30  3:15  Marine  
  30  3:16  Marine  
  30  3:19  SCV x2, Factory Tech Lab  
  34  3:31  SCV x2  
  34  3:33  Marine  
  37  3:34  Marine  
  37  3:37  Raven  
  40  3:43  SCV x2  
  40  3:46  Cyclone  
  45  3:49  Supply Depot  
  45  3:55  SCV  
  46  4:04  Command Center  
  46  4:11  SCV x2, Marine x2  
  50  4:20  Raven  
  50  4:24  Supply Depot x2, SCV  
  52  4:25  SCV  
  54  4:36  Refinery  
  54  4:45  SCV x2, Siege Tank, Marine x2  
  60  4:57  SCV x2  
  60  4:58  Supply Depot  
  62  5:01  Barracks  
  62  5:06  Barracks  
  62  5:10  SCV x2  
  62  5:13  Engineering Bay x2  
  64  5:17  Starport Reactor, Orbital Command  
  64  5:18  Stimpack  
  64  5:22  SCV x2  
  64  5:26  Siege Tank  
  64  5:27  Marine  
  70  5:34  Supply Depot, SCV  
  70  5:35  SCV  
  72  5:39  Terran Infantry Weapons Level 1  
  72  5:40  Terran Infantry Armor Level 1  
  72  5:46  Marine  
  74  5:50  Supply Depot, SCV x3  
  75  5:58  Marine x2  
  75  5:59  Marine x2  
  75  6:00  Starport Reactor  
  75  6:01  Siege Tank  
  82  6:07  Marine  
  82  6:09  Supply Depot  
  83  6:12  Supply Depot  
  83  6:16  Marine x3  
  83  6:17  Marine  
  87  6:25  Marine  
  88  6:27  Supply Depot  
  88  6:28  Supply Depot  
  88  6:33  SCV, Siege Tank, Barracks x2  
  88  6:34  SCV x2  
  88  6:37  Medivac  
  88  6:38  Medivac  
  88  6:39  Marine  
  99  6:40  Marine  
  99  6:41  Marine  
  99  6:42  Marine  
  99  6:44  Marine  
  103  6:50  Orbital Command  
  103  6:59  Combat Shield  
  102  7:05  Siege Tank  
  102  7:07  Medivac  
  102  7:08  Medivac  
  108  7:09  Marine  
  101  7:17  Marine x3  
  95  7:24  Orbital Command  
  83  7:33  Marine x2  
  83  7:34  SCV x2  
  83  7:35  Marine x2  
  65  7:37  Medivac, Armory  
  83  7:38  Medivac, Siege Tank  
  89  7:48  Marine  
  89  7:50  Marine  
  89  7:51  Marine  
  88  7:52  Marine  
  88  7:54  Barracks Reactor x2  
  88  7:55  SCV x3  
  88  7:56  Armory  
  92  8:03  Marine  
  85  8:05  Marine  
  85  8:08  Marine  
  85  8:09  Marine  
  85  8:10  SCV x2, Siege Tank, Marine  
  85  8:11  SCV  
  90  8:17  Viking  
  90  8:18  Viking  
  94  8:21  Supply Depot, Marine  
  94  8:23  Marine  
  94  8:26  Marine x2  
  98  8:28  Marine  
  98  8:32  SCV x3  
  102  8:34  Marine x2  
  102  8:35  Marine  
  102  8:39  Marine  
  106  8:41  Marine  
  106  8:44  Marine x2  
  106  8:45  Siege Tank, Marine  
  106  8:46  Marine  
  108  8:52  Marine x3  
  108  8:54  Terran Infantry Weapons Level 2  
  111  8:57  Marine  
  111  8:59  Marine  
  111  9:00  Medivac  
  111  9:02  Marine x2  
  113  9:03  Marine  
  113  9:04  Marine  
  113  9:06  Medivac  
  116  9:10  Marine x3  
  116  9:13  Supply Depot x2  
  116  9:14  Marine  
  116  9:15  Supply Depot, Refinery x2  
  116  9:17  Marine  
  118  9:18  Siege Tank  
  118  9:20  Marine x2  
  118  9:21  Marine  
  118  9:22  Marine  
  126  9:28  Marine  
  126  9:30  Medivac  
  129  9:36  Medivac  
  129  9:37  Marine  
  129  9:38  Marine x5  
  134  9:45  Marine x2  
  134  9:46  Marine  
  134  9:50  Siege Tank  
  140  9:53  SCV x3  
  140  9:55  Marine x5  
  140  9:58  Marine  
  149  10:03  Marine x3  
  149  10:05  Medivac  
  149  10:06  Medivac  
  156  10:13  Marine x2  
  131  10:19  Marine x4  
  131  10:21  Marine x3  
  92  10:24  Siege Tank  
  92  10:25  SCV x2  
  97  10:31  Marine x2  
  99  10:35  Orbital Command  
  99  10:37  Marine x2  
  88  10:43  SCV x2  
  90  10:55  Marine x8  
  90  10:56  Siege Tank  
  86  11:09  Marine  
  86  11:13  Marine x6  
  86  11:15  Marine x2  
  94  11:27  SCV, Marine  
  94  11:28  Siege Tank  
  94  11:29  SCV x2  
  94  11:30  Marine  
  102  11:33  Medivac  
  104  11:41  Marine x6  
  94  12:00  Marine  
  94  12:01  Marine x6  
  85  12:02  Siege Tank  
  85  12:05  SCV x3  
  89  12:12  Marine x2  
  87  12:18  Marine x3  
  87  12:20  SCV x3  
  87  12:21  Marine  
  87  12:22  Marine  
  95  12:23  Marine  
  95  12:26  Marine  
  95  12:29  Marine  
  97  12:34  Siege Tank  
  97  12:36  Medivac  
  103  12:40  Medivac  
  103  12:41  Marine x2  
  107  12:44  Marine x3  
  110  12:55  Marine x4  
  111  12:59  Marine x2  
  111  13:02  Marine x2  
  111  13:06  Siege Tank, Marine  
  113  13:13  Marine x4  
  113  13:15  Medivac x2  
  113  13:29  Marine  
  113  13:30  Marine x3  
  113  13:32  Marine x5  

Tags
 
Add a new tag
Caveats
  • Supply blocks, unpowered buildings, or Contaminate may cause inaccurate times.
  • Supply counts are checked every 10 seconds.